Map: [TLMC15] Curious Minds

Players

Scarlett - Winner!

  • Race: Zerg Zerg

Rogue

  • Race: Zerg Zerg

Event: DreamHack SC2 Masters 2021 Winter

VOD

Have the link to the VOD?

Description

Time

  • Played on: Nov. 14, 2021, 9:24 a.m.
  • Length: 8:45

All games in this series

Show
View Real Time Build Order
Export as new Build Order

Scarlett Zerg - Winner!

Build Orders: Pool First 

Get SALT Encoding   

  12  0:16  Spawning Pool  
  11  0:22  Drone  
  11  0:27  Drone  
  13  0:30  Drone  
  14  0:39  Overlord  
  14  1:03  Zergling x4  
  16  1:05  Zergling x2  
  17  1:15  Zergling x2  
  17  1:16  Hatchery  
  17  1:26  Zergling x2  
  17  1:32  Queen  
  20  1:38  Drone  
  21  1:48  Overlord  
  21  2:02  Drone  
  21  2:07  Queen  
  24  2:10  Drone  
  25  2:21  Drone  
  25  2:30  Drone  
  25  2:35  Drone, Queen  
  29  2:40  Drone  
  30  2:47  Drone x3  
  35  2:59  Extractor x2  
  35  3:00  Drone, Overlord  
  34  3:09  Drone  
  34  3:10  Drone  
  34  3:16  Drone  
  34  3:17  Drone  
  34  3:19  Drone x6  
  42  3:24  Overlord  
  42  3:30  Evolution Chamber  
  42  3:34  Drone  
  42  3:40  Drone x2  
  44  3:47  Drone x4  
  48  3:51  Drone x3  
  48  3:55  Zerg Melee Weapons Level 1  
  51  4:02  Roach Warren  
  50  4:04  Metabolic Boost  
  50  4:23  Hatchery  
  49  4:27  Evolution Chamber  
  48  4:34  Overlord x2  
  48  4:39  Drone  
  48  4:41  Zergling x6  
  52  4:52  Zerg Ground Armor Level 1  
  52  4:53  Zergling x4  
  52  4:54  Zergling x14  
  61  5:02  Overlord  
  61  5:03  Zergling x4  
  63  5:08  Overlord  
  63  5:09  Zergling x2  
  64  5:15  Zergling x2  
  65  5:28  Hatchery  
  65  5:29  Zergling x10  
  65  5:34  Overlord  
  65  5:35  Zergling x8  
  73  5:44  Roach x2  
  77  5:51  Zerg Missile Weapons Level 1, Evolution Chamber  
  77  5:54  Roach x3  
  82  5:57  Roach  
  82  5:58  Roach  
  84  6:04  Evolution Chamber  
  84  6:08  Evolution Chamber  
  64  6:13  Roach x4  
  67  6:23  Lair  
  69  6:29  Drone x6, Baneling Nest  
  69  6:31  Roach x4, Extractor  
  81  6:38  Overlord  
  81  6:39  Roach  
  83  6:42  Roach x2  
  87  6:50  Roach  
  89  6:54  Roach x2  
  89  6:59  Zergling x2, Roach  
  89  7:00  Zergling x4  
  98  7:01  Overlord  
  98  7:05  Zergling x4  
  100  7:13  Baneling x3  
  100  7:16  Zergling x8  
  84  7:24  Zergling x6  
  84  7:26  Roach Warren  
  84  7:29  Baneling x4  
  86  7:30  Zergling x2  
  86  7:35  Baneling x2  
  87  7:37  Baneling x3  
  87  7:42  Baneling x2  
  87  7:45  Zergling x12  
  87  7:50  Baneling  
  93  7:52  Zergling x6  
  93  7:57  Baneling  
  93  7:58  Baneling x3  
  96  7:59  Zergling x4  
  97  8:06  Baneling  
  97  8:07  Baneling x2  
  97  8:11  Zergling x12  
  102  8:14  Baneling x2  
  95  8:23  Zergling x10  
  98  8:27  Zergling x6  
Show
View Real Time Build Order
Export as new Build Order

Rogue Zerg 

Build Orders: Hatch First 

Get SALT Encoding   

  12  0:00  Drone  
  13  0:12  Overlord  
  13  0:16  Drone  
  14  0:30  Drone x2  
  16  0:48  Hatchery  
  15  0:51  Drone  
  15  0:53  Drone  
  18  0:57  Drone  
  18  1:08  Extractor  
  17  1:14  Spawning Pool  
  17  1:16  Drone  
  17  1:19  Drone  
  18  1:28  Drone  
  19  2:01  Zergling x2  
  19  2:02  Zergling x6, Queen x2  
  27  2:12  Zergling x2  
  27  2:14  Zergling x2  
  27  2:31  Overlord  
  27  2:36  Drone  
  28  2:49  Drone x4  
  32  3:01  Drone x2  
  33  3:06  Overlord  
  33  3:11  Drone  
  34  3:17  Drone  
  35  3:22  Evolution Chamber  
  35  3:25  Drone x6  
  40  3:35  Overlord  
  40  3:40  Drone  
  41  3:46  Drone  
  41  3:47  Drone  
  41  3:48  Zerg Melee Weapons Level 1  
  43  3:50  Overlord  
  43  3:57  Roach Warren  
  43  3:58  Drone  
  43  3:59  Drone  
  43  4:02  Overlord  
  44  4:03  Drone  
  45  4:14  Hatchery  
  44  4:17  Zergling x8  
  48  4:28  Zergling x10, Extractor  
  48  4:30  Metabolic Boost  
  52  4:36  Evolution Chamber  
  51  4:38  Baneling Nest  
  51  4:41  Zergling x4  
  52  4:52  Zergling x4  
  54  4:53  Zergling x4  
  54  4:57  Zergling x2  
  54  4:58  Zergling x2  
  58  5:01  Zergling x2  
  58  5:07  Zergling x6  
  62  5:08  Zergling x2  
  62  5:11  Overlord  
  62  5:22  Zergling x2  
  62  5:26  Zergling x2, Baneling x2  
  64  5:30  Zergling x10  
  69  5:39  Baneling x4  
  69  5:40  Baneling x6  
  69  5:41  Zergling x2  
  69  5:42  Zergling x8  
  74  5:46  Baneling  
  74  5:47  Overlord  
  74  5:50  Zergling x2  
  75  5:59  Zergling x2  
  75  6:00  Zergling x4  
  75  6:06  Zergling x10  
  64  6:14  Zergling x2  
  62  6:25  Drone x2  
  64  6:28  Hatchery  
  63  6:38  Zergling x10  
  63  6:39  Zergling x6  
  71  6:44  Baneling x5  
  71  6:46  Baneling x2  
  71  6:49  Zergling x2  
  71  6:51  Zergling x2  
  71  6:53  Baneling x3  
  73  6:54  Baneling  
  73  6:58  Zergling x2  
  73  6:59  Zergling x2  
  75  7:06  Zergling x6  
  78  7:11  Zergling x6  
  74  7:17  Zergling x4  
  74  7:20  Lair  
  61  7:29  Extractor  
  60  7:30  Extractor  
  60  7:32  Drone x2  
  60  7:33  Queen  
  63  7:38  Drone x5  
  63  7:41  Baneling x2  
  68  7:48  Spine Crawler  
  67  7:51  Spine Crawler  
  67  7:54  Spine Crawler  
  65  8:03  Spine Crawler  
  65  8:04  Evolution Chamber  
  65  8:05  Zergling x6  
  63  8:16  Spine Crawler x2  
  63  8:19  Zergling x6  
  60  8:26  Zergling x2  
  60  8:27  Zergling x4  

Tags
 
Add a new tag
Caveats
  • Supply blocks, unpowered buildings, or Contaminate may cause inaccurate times.
  • Supply counts are checked every 10 seconds.